 Dungeon Sprint DCSS version 0.23.1 (webtiles) character file.

Game seed: 4749875087242262729

866 nuthulu the Grappler (level 7, -21/121 HPs)
             Began as a Troll Berserker on Mar 4, 2019.
             Was a Priest of Trog.
             Demolished by a tyrant leech (25 damage)
             ... in the Dungeon (Sprint II: "The Violet Keep of Menkaure").
             The game lasted 00:00:33 (230 turns).

nuthulu the Grappler (Troll Berserker)               Turns: 230, Time: 00:00:34

Health: -21/121    AC:  6    Str: 33    XL:     7   Next: 72%
Magic:  6/6        EV: 13    Int:  3    God:    Trog [***...]
Gold:   729        SH:  0    Dex:  9    Spells: 6/6 levels left

rFire    . . .     SeeInvis .     - Unarmed
rCold    . . .     Gourm    +   (no shield)
rNeg     . . .     Faith    .   a - +0 animal skin
rPois    .         Spirit   .   (helmet restricted)
rElec    .         Reflect  .   (no cloak)
rCorr    .         Harm     .   (gloves unavailable)
MR       .....     NoTele   +   (boots unavailable)
Stlth    ..........             (no amulet)
HPRegen  0.70/turn              (no ring)
MPRegen  0.10/turn              (no ring)

@: berserking (expiring), very quick
A: large, unfitting armour, claws 3, fast metabolism 3, gourmand, regeneration
1, shaggy fur 1, tough skin 3
a: Berserk, Trog's Hand, Renounce Religion


You were in the Dungeon.
You worshipped Trog.
Trog was most pleased with you.
You were full.

You visited 1 branch You collected 729 gold pieces.

Inventory:

Armour
 a - a +0 animal skin (worn)
Scrolls
 h - a scroll of blinking
Potions
 c - a potion of curing
 d - a potion of heal wounds
 e - a potion of haste
 f - 2 potions of magic
 g - a potion of berserk rage
Comestibles
 b - 2 rations


   Skills:
 + Level 8.7 Fighting
 + Level 8.7 Dodging
 + Level 10.3 Unarmed Combat


You had 6 spell levels left.
You didn't know any spells.
Your spell library was empty.

Dungeon Overview and Level Annotations

Branches:
Dungeon (1/1)

Altars:


Innate Abilities, Weirdness & Mutations

You are too large for most types of armour.
You have claws for hands.
Your metabolism is lightning-fast.
You like to eat raw meat.
Your natural rate of healing is unusually fast.
You are covered in fur. (AC +1)
You have extremely tough skin. (AC +3)


Message History

You claw the tyrant leech!
The tyrant leech is heavily wounded.
You scratch the tyrant leech but do no damage.
The tyrant leech is heavily wounded.
The tyrant leech bites you!!
* * * LOW HITPOINT WARNING * * *
The tyrant leech draws strength from your injuries!
You eviscerate the tyrant leech!!!
The tyrant leech is almost dead.
Your skin stops crawling.
You feel less resistant to hostile enchantments.
You claw the tyrant leech!
You kill the tyrant leech!
Trog accepts your kill.
Trog will now gift you ammunition as you gain piety.
Your Unarmed Combat skill increases to level 10!
You barely miss the tyrant leech. You miss the tyrant leech.
You closely miss the tyrant leech. The tyrant leech bites you!!
You die...

## ## ##.
.## .. .. ##
.#$ ##
#.###w###.##
#.##@##...#
##÷.<.+)#
#.##.##...#
#.###+###.##
## #.†# ##
#..## ##. ##


You could see a tyrant leech.

Vanquished Creatures
  A merfolk siren (D)
  A tyrant leech (D)
  2 hippogriffs (D)
  2 worms (D)
6 creatures vanquished.

Notes
Turn   | Place    | Note
-------+----------+-------------------------------------------
     0 | D        | nuthulu the Troll Berserker began the quest for the Orb.
     0 | D        | Reached XP level 1. HP: 22/22 MP: 0/0
     1 | D        | Noticed a hippogriff
     1 | D        | Noticed a hippogriff
     4 | D        | Noticed a tyrant leech
     4 | D        | Noticed a tyrant leech
     7 | D        | Noticed a merfolk siren
    12 | D        | Killed a merfolk siren
    12 | D        | Reached skill level 8 in Unarmed Combat
    12 | D        | Reached XP level 2. HP: 34/37 MP: 1/1
    12 | D        | Reached XP level 3. HP: 41/45 MP: 2/2
    12 | D        | Reached XP level 4. HP: 49/53 MP: 3/3
    12 | D        | Reached XP level 5. HP: 56/61 MP: 4/4
    12 | D        | Reached XP level 6. HP: 63/68 MP: 5/5
    26 | D        | Reached ** piety under Trog
    64 | D        | Killed a hippogriff
    64 | D        | Reached skill level 9 in Unarmed Combat
    68 | D        | Killed a hippogriff
    68 | D        | Reached *** piety under Trog
    68 | D        | Reached XP level 7. HP: 25/80 MP: 6/6
   225 | D        | HP: 2/120 [tyrant leech (19)]
   227 | D        | Killed a tyrant leech
   227 | D        | Reached skill level 10 in Unarmed Combat
   230 | D        | Demolished by a tyrant leech

Skill      XL: |  1  2  3  4  5  6  7 |
---------------+----------------------+-----
Fighting       | 6 8 |  8.7
Dodging        | 6 8 |  8.7
Unarmed Combat | 8 9 10 | 10.3

Action                   |  1- 3 |  4- 6 |  7- 9 || total
-------------------------+-------+-------+-------++-------
Melee: Unarmed           |     4 |    18 |    25 ||    47
       Punch             |       |     1 |       ||     1
Invok: Berserk           |       |       |     1 ||     1
       Trog's Hand       |       |       |     1 ||     1
  Eat: Chunk             |       |     1 |     5 ||     6
Armor: Animal skin       |       |     2 |       ||     2
Dodge: Dodged            |     1 |     8 |     6 ||    15
